Cogmind - Beta 15 @@@ ROGUE MODE // 2025.10.06 @ 15:42:16 Player: microsand Result: Destroyed by 47-B0P(R) with Subdweller Laser Performance ------------- Evolutions (0) 0 Regions Visited (1) 200 Robots Destroyed (12) 60 Value Destroyed (134) 134 Prototype IDs (0) 0 Alien Tech Used (0) 0 Bonus (0) 0 TOTAL SCORE: 394 Bonus ------- None Cogmind --------- Core Integrity 0/250 Matter 232/300 Energy 100/100 System Corruption 0% Temperature Cool (6) Movement Core (700) Ox13 Location -10/Materials Parts ------- > --- POWER (1) -------- (None) > --- PROPULSION (2) --- (None) > --- UTILITY (2) ------ High-capacity Storage Unit > --- WEAPON (2) ------- (None) > --- INVENTORY (20) --- Light Ion Engine Small Storage Unit Improved Terrain Scanner Peak State ------------ > --- POWER ------------ Light Ion Engine > --- PROPULSION ------- Aluminum Leg Aluminum Leg > --- UTILITY ---------- Small Storage Unit Seismic Detector > --- WEAPON ----------- Assault Rifle Assault Rifle > --- INVENTORY -------- Light Ion Engine Improved Terrain Scanner Seismic Detector EM Pulse Gun [Rating: 7] Favorites ----------- Power Light Ion Engine Engine Light Ion Engine Propulsion Aluminum Leg Leg Aluminum Leg Utility Seismic Detector Device Seismic Detector Storage High-capacity Storage Unit Weapon Assault Rifle Energy Gun EM Pulse Gun Ballistic Gun Assault Rifle Build | -11 -10 ------- Run | Yrd Mat Slots Evolved . | . . Power . | . . Propulsion . | . . Utility . | . . Weapon . | . . Parts Attached 10 | 8 2 Power 2 | 1 1 Engine 2 | 1 1 Core . | . . Reactor . | . . Propulsion 2 | 2 . Treads . | . . Leg 2 | 2 . Wheel . | . . Hover . | . . Flight . | . . Utility 3 | 2 1 Device 1 | 1 . Storage 2 | 1 1 Processor . | . . Hackware . | . . Protection . | . . Artifact . | . . Weapon 3 | 3 . Energy Gun 1 | 1 . Energy Cannon . | . . Ballistic Gun 2 | 2 . Ballistic Cannon . | . . Launcher . | . . Special Weapon . | . . Impact Weapon . | . . Slashing Weapon . | . . Piercing Weapon . | . . Special Melee Weapon . | . . Unidentified Prototypes . | . . Parts Lost 8 | . 8 Power 2 | . 2 Propulsion 2 | . 2 Utility 1 | . 1 Weapon 3 | . 3 Highest Loss Streak 6 | . 6 To Critical Strikes . | . . Average Backups 3 | 2 4 Power . | . . Propulsion . | . . Utility 2 | 1 2 Weapon . | . . Tool/Special . | . . Unused Backups 6 | 1 5 Power 2 | 1 1 Propulsion 1 | . 1 Utility 3 | . 3 Weapon . | . . Tool/Special . | . . Average Slot Usage (%) 95 | . 95 Engine 12 | . 12 Leg 26 | . 26 Device 13 | . 13 Storage 14 | . 14 Energy Gun 5 | . 5 Ballistic Gun 21 | . 21 Peak Build Rating 7 | 7 7 Average Rating 5 | 4 6 On Entrance 3 | . 7 Naked Turns . | . . Heaviest Build 48 | 13 48 Greatest Support 20 | 20 20 Greatest Overweight (x) 13 | . 13 Average Overweight (x) . | . 1 Largest Inventory Capacity 20 | 8 20 Average Capacity 13 | 5 18 Most Carried 5 | 5 5 Average Carried 3 | 2 4 Final Capacity 20 | 8 20 Final Carried 4 | 4 3 Class Distribution -------------------- 100% | Mutant Dominant Class ---------------- Mutant | -10/Materials Resources | -11 -10 ----------- Run | Yrd Mat Matter Collected 457 | 386 71 Remotely . | . . Salvage Created 379 | 271 108 Parts 31 | 25 6 Haulers Intercepted . | . . Recyclers Shooed 1 | 1 . Parts Field Recycled . | . . Retrieved Matter . | . . Parts Self-Destructed . | . . Prevented . | . . Kills | -11 -10 ------- Run | Yrd Mat Combat Hostiles Destroyed 2 | . 2 Guns 2 | . 2 Classes Destroyed 5 | 3 2 Worker 2 | 2 . Tunneler 6 | 6 . Recycler 1 | 1 . Watcher 1 | . 1 Grunt 2 | . 2 Best Kill Streak 4 | 4 1 Combat Bots Only 1 | . 1 Max Kills in Single Turn 1 | 1 1 Gunslinging . | . . Exploded . | . . Melee . | . . Uniques/NPCs Destroyed . | . . Combat | -11 -10 -------- Run | Yrd Mat Hostile Shots Fired 77 | . 77 Missed 15 | . 15 Hits 62 | . 62 Projectile 62 | . 62 Critical Strikes 2 | . 2 Damage Taken 962 | . 962 Core 257 | . 257 Absorbed by Shields . | . . Core Remaining (%) 100 | 100 . Volleys Fired 56 | 32 24 Largest 2 | 2 2 Hottest 60 | 60 60 Shots Fired 111 | 64 47 Gun 111 | 64 47 Cannon . | . . Launcher . | . . Special . | . . Kinetic 85 | 42 43 Thermal . | . . Explosive . | . . Electromagnetic 26 | 22 4 Robot Hit Streak 10 | 10 6 Robot Miss Streak 7 | 7 3 Penetration Max . | . . Secondary Targets . | . . Shots Hit Robots 66 | 40 26 Core Hits 15 | 9 6 Critical Kills . | . . Critical Parts Destroyed . | . . Critical Strikes 1 | 1 . Corrupt 1 | 1 . Melee Attacks . | . . Impact . | . . Slashing . | . . Piercing . | . . Sneak Attacks . | . . Combat Hostiles . | . . Follow-up Attacks . | . . Damage Inflicted 862 | 533 329 Guns 862 | 533 329 Cannons . | . . Explosions . | . . Melee . | . . Ramming . | . . Kinetic 639 | 332 307 Thermal . | . . Explosive . | . . Electromagnetic 223 | 201 22 Impact . | . . Slashing . | . . Piercing . | . . Highest Corruption . | . . Average Corruption . | . . Corruption Purged . | . . Corruption Blocked . | . . Overload Shots . | . . Overflow Damage . | . . Projectiles . | . . Explosions . | . . Melee . | . . Knockbacks . | . . Impact . | . . Kinetic . | . . Secondary . | . . Self-Inflicted Damage . | . . Shots . | . . Rammed . | . . Targets Rammed . | . . Kicked . | . . Crushed . | . . Highest Temperature 15 | 15 . Average Temperature 10 | 10 . Received Heat Transfer 372 | . 372 Siege Activations . | . . Martial Activations . | . . Shielding Activations . | . . Robots Disrupted . | . . Combat Hostiles . | . . Robots Corrupted . | . . Combat Hostiles . | . . Parts Fried 1 | 1 . Impact Corruptions . | . . Robots Melted . | . . Combat Hostiles . | . . Parts Melted . | . . Heat Transferred . | . . Parts Sabotaged . | . . Parts Stolen . | . . Parts Stripped . | . . Power Chain Reactions . | . . Alert | -11 -10 ------- Run | Yrd Mat Maximum Alert Level . | . . Low Security (%) 100 | 100 100 Level 1 . | . . Level 2 . | . . Level 3 . | . . Level 4 . | . . Level 5 . | . . High Security . | . . Max Security . | . . Peak Influence 30 | 10 30 Initial . | . . Average 1 | 1 1 Influence Increases 107 | 45 62 Destroy 0b10 Robot/C 40 | . 40 Destroy 0b10 Robot/NC 50 | 45 5 Destroy Leader 12 | . 12 Successful Hack 5 | . 5 Influence Decreases 107 | 45 62 Time Decay 87 | 45 42 Lost Part 20 | . 20 Squads Dispatched 1 | . 1 Investigation . | . . Extermination . | . . Reinforcement 1 | . 1 Assault . | . . Garrison . | . . Intercept . | . . Searches Triggered . | . . Construction Impeded . | . . Haulers Reinforced . | . . Active Scanning Responses . | . . Cargo Convoy Interrupts . | . . Stealth | -11 -10 --------- Run | Yrd Mat Distress Signals 1 | . 1 Communications Jammed . | . . Distress Signals . | . . Times Spotted 10 | . 10 Peak Tracking Total 3 | . 3 Tactical Retreats . | . . Traps | -11 -10 ------- Run | Yrd Mat Traps Triggered . | . . Indirectly . | . . Trap Hack Attempts . | . . Triggered . | . . Disarmed . | . . Reprogrammed . | . . Reused . | . . Traps Extracted . | . . Installed . | . . Triggered . | . . Machines | -11 -10 ---------- Run | Yrd Mat Machines Disabled . | . . Max in Single Turn . | . . Machines Repaired . | . . Machines Dismantled . | . . Machines Sabotaged . | . . Overloaded Fab Kills . | . . Hacking | -11 -10 --------- Run | Yrd Mat Machines Accessed 1 | . 1 Terminals 1 | . 1 Fabricators . | . . Repair Stations . | . . Recycling Units . | . . Scanalyzers . | . . Garrison Access . | . . Total Hacks 2 | . 2 Successful 1 | . 1 Failed 1 | . 1 Catastrophic . | . . Database Lockouts . | . . Manual 2 | . 2 Terminals 2 | . 2 Fabricators . | . . Repair Stations . | . . Recycling Units . | . . Scanalyzers . | . . Garrison Access . | . . Terminal Hacks . | . . Fabricator Hacks . | . . Repair Station Hacks . | . . Recycling Unit Hacks . | . . Scanalyzer . | . . Garrison Access Hacks . | . . Unauthorized Hacks 1 | . 1 Terminals 1 | . 1 Botnet 1 | . 1 Fabricators . | . . Repair Stations . | . . Recycling Units . | . . Scanalyzers . | . . Garrison Access . | . . Data Cores Recovered . | . . Used . | . . Hacking Detections 1 | . 1 Full Trace Events . | . . Feedback Events . | . . Feedback Blocked . | . . Robot Schematics Acquired . | . . Robots Built . | . . Authchips . | . . Time . | . . Total Robot Build Rating . | . . Part Schematics Acquired . | . . Parts Built . | . . Authchips . | . . Time . | . . Total Part Build Rating . | . . Parts Repaired . | . . Time . | . . Parts Recycled . | . . Recycled Matter . | . . Retrieved Matter . | . . Retrieved Components . | . . Parts Scanalyzed . | . . Part Schematics Acquired . | . . Parts Damaged . | . . Bothacking | -11 -10 ------------ Run | Yrd Mat Used RIF Installer . | . . Robots Hacked . | . . Non-combat . | . . Combat . | . . Robot Hacks Applied . | . . Relay Couplers Released . | . . Fabnet Peak Effective % . | . . Robots Rewired . | . . Allies Hacked . | . . Hacks Repelled . | . . Allies | -11 -10 -------- Run | Yrd Mat Total Allies . | . . Largest Group . | . . Highest-Rated Group . | . . Highest-Rated Ally . | . . Total Orders . | . . Ally Attacks . | . . Total Damage . | . . Kills . | . . Allies Corrupted . | . . Allies Melted . | . . Intel | -11 -10 ------- Run | Yrd Mat Active Infowar (turns) 676 | 64 612 Seismic 676 | 64 612 Robot Analysis Total . | . . Derelict Logs Recovered . | . . Drone Launches . | . . Drone Recoveries . | . . Exploration | -11 -10 ------------- Run | Yrd Mat Turns Passed 1018 | 371 647 Spaces Moved 392 | 220 172 Core 19 | 16 3 Treads . | . . Legs 373 | 204 169 Wheels . | . . Hover . | . . Flight . | . . Fastest Speed 50 | 50 120 Average Speed 166 | 114 231 Slowest Speed 700 | 120 700 Overloaded Moves . | . . Propulsion Burnouts . | . . Robots Hopped . | . . Potential Cave-ins . | . . Cave-ins Triggered . | . . Exploration Rate (%) 17 | 6 28 Regions Visited 1 Branch Regions . Pre-discovered Areas . | . . Known Exits Taken . | . . Unknown Exits Taken 1 | 1 . Scrap Searched . | . . Spaces Dug . | . . Terrain Destroyed . | . . Melee . | . . Projectile . | . . AOE . | . . Terrain Rammed . | . . Walls Destroyed . | . . Machines Disabled . | . . Actions | -11 -10 --------- Run | Yrd Mat Total 649 | 275 374 Wait 170 | 2 168 Move 391 | 219 172 Hop . | . . Pick Up 16 | 12 4 Fast Attach . | . . Attach 10 | 8 2 Detach 1 | 1 . Swap 1 | . 1 Drop 4 | 1 3 Fire 56 | 32 24 Melee . | . . Ram . | . . Kick . | . . Crush . | . . Escape Stasis . | . . Rewire . | . . Trap . | . . Miscellaneous . | . . Route ------- -11/Scrapyard -10/Materials (discovered 2 exits: [*Min] / [*Sub]) History --------- Turn | Location | Event 4 | -11/Scrapyard | Discovered new exit (range 15) 372 | -11/Scrapyard | Entered Materials 372 | -10/Materials | Discovered new exit (range 9) 381 | -10/Materials | Build established: Mutant 932 | -10/Materials | Discovered new exit (range 10) 972 | -10/Materials | Derelicts attacked the area 993 | -10/Materials | Core integrity fell below 50% 1016 | -10/Materials | Core integrity fell below 20% 1019 | -10/Materials | Destroyed by 47-B0P(R) with Subdweller Laser Last Messages --------------- Detector. 00895_ U-05 Engineer lays Concrete. 00896_ U-05 Engineer builds a Wall. 00897_ T-07 Excavator is excavating. 00905_ Terminal unresponsive. 00923_ Acquired Signal Interpreter. 00932_ EXIT=FOUND 00933_ U-05 Engineer builds a Wall. 00935_ T-07 Excavator is excavating. 00938_ U-05 Engineer builds a Wall. 00961_ Dropped Signal Interpreter. 00961_ U-05 Engineer builds a Door. 00972_ ALERT: Derelict incursion detected, rerouting patrols to target area. 00983_ Aluminum Leg destroyed. 00984_ Assault Rifle destroyed. 00984_ Seismic Detector destroyed. 00987_ Lgt. Ion Engine destroyed. 00988_ EM Pulse Gun destroyed. 00994_ Aluminum Leg destroyed. Map ----- +----------------------------------------------------+ | ????????????????????????????? | | ????????????????????????????? | | ????????????????????????????? | | ????????????????????????????? | | ????????????????????????????? | | ????????????????????????????? | | ????????????????????????????? | | ????????????????????????????? | | ????????????????????????????? | | ????????????????????????????? | | ????????????????????????????? | | ????????????????????????????? | | ????????????????????????????? | | ????????????????????????????? | | ????????##########??????????? | | ????????# #??????????? | | ????????# """ #??????????? | | ????????# """ #??????????? | | ????????# """ #??????????? | | ????????# #??????????? | | ######??# """ #??????????? | | # #### """ #??????????? | | #"" / + """ #??????????? | | #"" R# # #??????????? | | #"T # #####+#######???????? | | #"" @R #???????? | | #"" #+##### #???????? | | # # ## #???????? | | # ! # ####### #???????? | | # # #?????# ######### | | ###### #?##### | | ?????# #?# + ^ | | ?????# #?# # | | ?????#! #?# ###### # | | ?????# ##?# #????# # | | ?????#<###??# #????# # | | ?????###????# #????# # | | ?????######## #????# # | | ?????# ###+####### # | | ?????# # | | ?????# < # | | ?????# =! # | | ?????# ##### =! # | | ####### ##???# # | | # # #????# ! # | | # # #????# # | | #""" + #????# # | | #""" # #????# #### | | #""" # #????# #??? | | # # #????# ####+##### | +----------------------------------------------------+ Best States ------------- Heat Dissipation 25 Energy Generation 10 Energy Capacity 125 Matter Stores 300 Matter Capacity 300 Sight Range 16 Terrain Scan Density 10 Evasion (%) 55 Item Schematics ----------------- None Robot Schematics ------------------ None Fabricated ------------ Nothing Repaired ---------- Nothing Alien Tech Used ----------------- None Achievements -------------- None Challenges ------------ None Game ------ Seed CoordinationDrainedFocus Manual? 0 Play Time 00:07:14 Cumulative 8.4 hours Start 2025.10.06 @ 15:35:10 End 2025.10.06 @ 15:42:16 Sessions 1 Manual Loads 0 Difficulty Rogue Special Mode None Game No. 28 Rogue 28 Adventurer 0 Explorer 0 Win Type - Total 0 Types 0/0/0/0/0/0/0/0/0/0 Lore% 13 Gallery% 15 Achievement% 15 Wizard Run 0 Options --------- Layout 1 ASCII 0 Keyboard 1 Movement Numpad Keybinds 0 Fullscreen 1 Font 24/Smallcaps Map View 50x35 Zoom Use 0% Tactical HUD 1 Map Filters NONE Filters NONE Steam X RUN: 91e8bf9e-77e5-4b47-91b3-1577c863906b